[ AOE2 MATCH · #506480427 ]
UnrankedBerbers vs Burgundians
Player's team · WIN
[ REPLAY ANALYSIS · EXTRACTED FROM THE RECORDED GAME ]
Feudal
11:50
Castle
22:00
Imperial
40:18
| APM avg | 36.8 |
| APM peak | 69 |
| eAPM avg | 20.1 |
| Villagers / military | 149 / 553 |
Focus
⚔️ 39.6% · 🌾 60.4%
Scout Cavalry ×320 · Camel Scout ×102 · Archer ×59 · Camel Archer ×41 · Spearman ×8 · Trebuchet (Packed) ×8
Feudal
9:04
Castle
22:45
Imperial
37:35
| APM avg | 30.2 |
| APM peak | 63 |
| eAPM avg | 18.1 |
| Villagers / military | 136 / 458 |
Focus
⚔️ 36.8% · 🌾 63.2%
Skirmisher ×145 · Knight ×110 · Scout Cavalry ×100 · Hand Cannoneer ×73 · Monk ×8 · Trebuchet (Packed) ×7
Match map
Initial resources + every placement click. Lines = walls · curves = elevation contours. ◆ gold · ⬟ stone · ● berries · ✦ relic · ◌ wall gap
Your base· ✓ Closed at 22:00 · 5t walls · 1 gate(s)
PNAL | Mr.Costas's base· ✓ Closed at 22:45 · 7t walls · 1 gate(s)
Smoothed initial terrain · ◌ = detected wall gap · hover for details
Inputs per minute
— THEMADBANANAMAN - - PNAL | Mr.Costas
Build order — THEMADBANANAMAN
First 150 of 608 actions detected
| 0:00 | Queue | Villager (Male) |
| 0:00 | Queue | Villager (Male) |
| 0:07 | Build | House |
| 0:09 | Build | House |
| 0:09 | Queue | Villager (Male) |
| 0:12 | Queue | Villager (Male) |
| 1:39 | Queue | Villager (Male) |
| 1:59 | Queue | Villager (Male) |
| 2:14 | Build | Lumber Camp |
| 2:25 | Queue | Villager (Male) |
| 3:00 | Queue | Villager (Male) |
| 3:06 | Queue | Villager (Male) |
| 3:47 | Queue | Villager (Male) |
| 3:53 | Build | House |
| 3:54 | Build | House |
| 4:03 | Queue | Villager (Male) |
| 4:15 | Queue | Villager (Male) |
| 4:45 | Queue | Villager (Male) |
| 5:13 | Queue | Villager (Male) |
| 5:21 | Queue | Villager (Male) |
| 5:31 | Queue | Villager (Male) |
| 6:10 | Build | Barracks |
| 6:15 | Build | Barracks |
| 6:17 | Queue | Villager (Male) |
| 6:29 | Queue | Villager (Male) |
| 6:46 | Queue | Villager (Male) |
| 6:50 | Build | Mining Camp |
| 6:59 | Build | House |
| 7:00 | Build | House |
| 7:17 | Queue | Militia |
| 7:17 | Queue | Militia |
| 7:21 | Queue | Villager (Male) |
| 7:48 | Build | House |
| 8:02 | Queue | Militia |
| 8:18 | Build | House |
| 8:20 | Queue | Villager (Male) |
| 8:28 | Queue | Villager (Male) |
| 8:47 | Build | House |
| 8:53 | Research | Loom |
| 8:58 | Build | Palisade Wall |
| 8:59 | Build | Palisade Wall |
| 9:00 | Build | Palisade Wall |
| 9:06 | Queue | Villager (Male) |
| 9:11 | Research | Feudal Age |
| 9:34 | Build | House |
| 10:03 | Queue | Villager (Male) |
| 10:18 | Build | House |
| 10:22 | Build | Lumber Camp |
| 10:44 | Queue | Militia |
| 10:50 | Build | House |
| 11:00 | Build | Palisade Gate |
| 11:48 | Queue | Villager (Male) |
| 11:50 | Age | Feudal Age |
| 12:02 | Build | Mill |
| 12:05 | Queue | Villager (Male) |
| 12:11 | Research | Double-Bit Axe |
| 12:16 | Research | Man-at-Arms (upgrade) |
| 12:28 | Build | Farm |
| 12:28 | Build | Farm |
| 12:28 | Build | Farm |
| 12:29 | Build | Farm |
| 12:29 | Build | Farm |
| 13:02 | Queue | Villager (Male) |
| 13:03 | Build | Farm |
| 13:05 | Build | Farm |
| 13:07 | Build | Farm |
| 13:10 | Build | Farm |
| 13:12 | Queue | Militia |
| 13:12 | Queue | Spearman |
| 13:21 | Build | Farm |
| 13:24 | Build | Farm |
| 13:26 | Queue | Villager (Male) |
| 13:46 | Build | Farm |
| 13:49 | Build | Farm |
| 13:51 | Build | Farm |
| 13:54 | Build | Farm |
| 13:56 | Queue | Villager (Male) |
| 14:15 | Queue | Spearman |
| 14:17 | Queue | Militia |
| 14:19 | Queue | Villager (Male) |
| 14:25 | Build | Farm |
| 14:35 | Build | Farm |
| 14:58 | Queue | Spearman |
| 15:00 | Queue | Villager (Male) |
| 15:01 | Queue | Villager (Male) |
| 15:10 | Build | Archery Range |
| 15:34 | Queue | Spearman |
| 15:36 | Queue | Villager (Male) |
| 15:40 | Build | Farm |
| 16:20 | Build | Archery Range |
| 16:25 | Queue | Villager (Male) |
| 16:25 | Queue | Villager (Male) |
| 16:45 | Build | Farm |
| 16:46 | Queue | Villager (Male) |
| 16:51 | Build | Farm |
| 16:54 | Research | Horse Collar |
| 17:05 | Build | Farm |
| 17:10 | Build | Blacksmith |
| 17:14 | Queue | Villager (Male) |
| 17:48 | Queue | Villager (Male) |
| 18:03 | Queue | Spearman |
| 18:21 | Queue | Villager (Male) |
| 18:27 | Build | Archery Range |
| 18:31 | Build | Market |
| 18:50 | Queue | Spearman |
| 18:55 | Queue | Villager (Male) |
| 19:15 | Research | Castle Age |
| 19:23 | Queue | Spearman |
| 19:27 | Queue | Archer |
| 19:27 | Queue | Archer |
| 19:28 | Queue | Archer |
| 19:43 | Build | Mining Camp |
| 20:11 | Queue | Archer |
| 20:17 | Build | House |
| 20:19 | Build | Palisade Wall |
| 20:21 | Build | Palisade Wall |
| 20:27 | Queue | Villager (Male) |
| 20:36 | Queue | Archer |
| 20:36 | Queue | Archer |
| 20:44 | Research | Fletching |
| 20:46 | Queue | Archer |
| 20:49 | Research | Padded Archer Armor |
| 20:59 | Queue | Archer |
| 21:00 | Queue | Archer |
| 21:09 | Queue | Archer |
| 21:10 | Queue | Archer |
| 21:30 | Queue | Archer |
| 21:30 | Queue | Archer |
| 21:48 | Queue | Villager (Male) |
| 21:55 | Queue | Archer |
| 21:58 | Queue | Villager (Male) |
| 22:00 | Age | Castle Age |
| 22:02 | Research | Gold Mining |
| 22:02 | Research | Gold Mining |
| 22:05 | Build | House |
| 22:07 | Build | House |
| 22:29 | Build | Town Center |
| 22:31 | Queue | Villager (Male) |
| 22:33 | Research | Wheelbarrow |
| 22:38 | Research | Crossbowman (upgrade) |
| 22:39 | Research | Thumb Ring |
| 22:49 | Build | Farm |
| 22:51 | Queue | Villager (Male) |
| 23:05 | Queue | Villager (Male) |
| 23:20 | Queue | Villager (Male) |
| 23:21 | Queue | Villager (Male) |
| 23:25 | Build | House |
| 23:25 | Build | House |
| 23:26 | Build | House |
| 23:31 | Queue | Villager (Male) |
Build order — PNAL | Mr.Costas
First 150 of 543 actions detected
| 0:01 | Queue | Villager (Male) |
| 0:01 | Queue | Villager (Male) |
| 0:02 | Build | House |
| 0:10 | Build | House |
| 0:19 | Queue | Villager (Male) |
| 0:35 | Queue | Villager (Male) |
| 0:36 | Queue | Villager (Male) |
| 1:25 | Queue | Villager (Male) |
| 2:10 | Queue | Villager (Male) |
| 2:32 | Queue | Villager (Male) |
| 2:46 | Build | Lumber Camp |
| 2:56 | Queue | Villager (Male) |
| 2:56 | Queue | Villager (Male) |
| 3:29 | Build | House |
| 3:48 | Queue | Villager (Male) |
| 4:04 | Research | Double-Bit Axe |
| 4:16 | Queue | Villager (Male) |
| 4:16 | Queue | Villager (Male) |
| 4:37 | Queue | Villager (Male) |
| 5:27 | Queue | Villager (Male) |
| 5:40 | Build | Barracks |
| 5:47 | Queue | Villager (Male) |
| 6:05 | Queue | Villager (Male) |
| 6:38 | Build | House |
| 6:54 | Research | Feudal Age |
| 8:13 | Build | Mining Camp |
| 8:25 | Queue | Villager (Male) |
| 8:29 | Build | Palisade Wall |
| 8:32 | Build | Palisade Wall |
| 9:04 | Age | Feudal Age |
| 9:04 | Queue | Villager (Male) |
| 9:11 | Build | Stable |
| 9:15 | Research | Bow Saw |
| 9:21 | Queue | Spearman |
| 9:41 | Build | Mill |
| 9:49 | Build | Palisade Wall |
| 10:05 | Queue | Villager (Male) |
| 10:06 | Queue | Villager (Male) |
| 10:08 | Queue | Scout Cavalry |
| 10:08 | Queue | Scout Cavalry |
| 10:18 | Build | House |
| 10:29 | Build | Palisade Wall |
| 10:54 | Build | House |
| 10:56 | Build | Farm |
| 10:57 | Build | Farm |
| 11:11 | Build | Farm |
| 11:19 | Queue | Villager (Male) |
| 11:22 | Build | Farm |
| 11:25 | Build | Farm |
| 11:34 | Build | Farm |
| 11:43 | Queue | Scout Cavalry |
| 11:49 | Research | Loom |
| 12:05 | Build | House |
| 12:07 | Build | House |
| 12:09 | Queue | Scout Cavalry |
| 12:14 | Queue | Villager (Male) |
| 12:22 | Build | Farm |
| 12:25 | Build | Farm |
| 12:55 | Queue | Villager (Male) |
| 12:59 | Build | Farm |
| 13:01 | Build | Farm |
| 13:03 | Queue | Villager (Male) |
| 13:20 | Queue | Scout Cavalry |
| 13:25 | Build | Blacksmith |
| 13:33 | Queue | Villager (Male) |
| 13:43 | Queue | Scout Cavalry |
| 14:04 | Build | Palisade Wall |
| 14:09 | Build | Palisade Gate |
| 14:13 | Queue | Villager (Male) |
| 14:21 | Build | Farm |
| 14:24 | Build | Farm |
| 14:25 | Queue | Villager (Male) |
| 14:36 | Queue | Scout Cavalry |
| 14:43 | Research | Scale Barding Armor |
| 14:53 | Queue | Villager (Male) |
| 14:53 | Queue | Villager (Male) |
| 15:12 | Build | Farm |
| 15:14 | Queue | Villager (Male) |
| 15:31 | Build | Farm |
| 15:41 | Build | Farm |
| 15:44 | Build | Farm |
| 15:48 | Build | Farm |
| 16:07 | Queue | Scout Cavalry |
| 16:11 | Build | House |
| 16:13 | Build | House |
| 16:14 | Research | Forging |
| 16:28 | Build | Farm |
| 16:31 | Build | Farm |
| 16:35 | Build | Farm |
| 16:43 | Queue | Scout Cavalry |
| 16:46 | Queue | Villager (Male) |
| 16:55 | Build | Archery Range |
| 17:02 | Research | Horse Collar |
| 17:10 | Queue | Scout Cavalry |
| 17:17 | Queue | Villager (Male) |
| 17:21 | Build | Farm |
| 17:24 | Build | Farm |
| 17:28 | Build | Farm |
| 18:00 | Queue | Skirmisher |
| 18:18 | Build | House |
| 18:19 | Queue | Skirmisher |
| 18:21 | Queue | Villager (Male) |
| 18:21 | Queue | Villager (Male) |
| 18:25 | Research | Wheelbarrow |
| 18:25 | Queue | Villager (Male) |
| 18:36 | Queue | Skirmisher |
| 18:50 | Build | Farm |
| 18:58 | Queue | Skirmisher |
| 19:14 | Build | House |
| 19:15 | Build | House |
| 20:05 | Research | Castle Age |
| 20:32 | Build | House |
| 20:34 | Research | Gold Mining |
| 20:40 | Research | Heavy Plow |
| 20:59 | Queue | Skirmisher |
| 20:59 | Queue | Skirmisher |
| 21:04 | Build | Archery Range |
| 21:06 | Build | House |
| 21:09 | Research | Padded Archer Armor |
| 21:19 | Queue | Scout Cavalry |
| 22:06 | Queue | Skirmisher |
| 22:06 | Queue | Skirmisher |
| 22:09 | Research | Fletching |
| 22:37 | Queue | Villager (Male) |
| 22:37 | Queue | Villager (Male) |
| 22:42 | Build | House |
| 22:45 | Age | Castle Age |
| 22:53 | Build | Town Center |
| 23:04 | Research | Light Cavalry (upgrade) |
| 23:05 | Research | Husbandry |
| 23:15 | Queue | Villager (Male) |
| 23:15 | Queue | Villager (Male) |
| 23:36 | Research | Elite Skirmisher (upgrade) |
| 23:37 | Queue | Villager (Male) |
| 23:37 | Queue | Villager (Male) |
| 23:37 | Queue | Villager (Male) |
| 23:47 | Queue | Villager (Male) |
| 24:45 | Queue | Villager (Male) |
| 24:45 | Queue | Villager (Male) |
| 24:45 | Queue | Villager (Male) |
| 24:46 | Queue | Villager (Male) |
| 24:55 | Queue | Villager (Male) |
| 24:55 | Queue | Villager (Male) |
| 24:57 | Build | Farm |
| 24:58 | Build | Farm |
| 25:23 | Build | Town Center |
| 25:28 | Queue | Skirmisher |
| 25:28 | Queue | Skirmisher |
| 25:28 | Queue | Skirmisher |
| 25:28 | Queue | Skirmisher |
Match timeline
| 5:40 | PNAL | Mr.Costas · first_building Barracks |
| 6:10 | THEMADBANANAMAN · first_building Barracks |
| 8:29 | PNAL | Mr.Costas · wall_segment Palisade Wall x1 |
| 8:32 | PNAL | Mr.Costas · wall_segment Palisade Wall x1 |
| 8:58 | THEMADBANANAMAN · wall_segment Palisade Wall x1 |
| 8:59 | THEMADBANANAMAN · wall_segment Palisade Wall x1 |
| 9:00 | THEMADBANANAMAN · wall_segment Palisade Wall x1 |
| 9:04 | PNAL | Mr.Costas · age_up feudal |
| 9:11 | PNAL | Mr.Costas · first_building Stable |
| 9:49 | PNAL | Mr.Costas · wall_segment Palisade Wall x1 |
| 10:29 | PNAL | Mr.Costas · wall_segment Palisade Wall x1 |
| 11:50 | THEMADBANANAMAN · age_up feudal |
| 14:04 | PNAL | Mr.Costas · wall_segment Palisade Wall x4 |
| 15:10 | THEMADBANANAMAN · first_building Archery Range |
| 16:55 | PNAL | Mr.Costas · first_building Archery Range |
| 20:19 | THEMADBANANAMAN · wall_segment Palisade Wall x1 |
| 20:21 | THEMADBANANAMAN · wall_segment Palisade Wall x1 |
| 20:43 | THEMADBANANAMAN · first_market_sell 100 food |
| 22:00 | THEMADBANANAMAN · age_up castle |
| 22:45 | PNAL | Mr.Costas · age_up castle |
| 25:47 | THEMADBANANAMAN · first_building Stable |
| 27:32 | PNAL | Mr.Costas · first_building Monastery |
| 33:19 | THEMADBANANAMAN · first_building Siege Workshop |
| 34:35 | PNAL | Mr.Costas · first_building Siege Workshop |
| 37:35 | PNAL | Mr.Costas · age_up imperial |
| 38:20 | THEMADBANANAMAN · first_building Castle |
| 38:46 | PNAL | Mr.Costas · first_building Castle |
| 39:26 | THEMADBANANAMAN · first_building Monastery |
| 40:18 | THEMADBANANAMAN · age_up imperial |
| 62:13 | PNAL | Mr.Costas · resign |
[ AI ANALYSIS · 1 CREDIT ]
What really happened in this match?
Wolo.gg analyzes every decision: build order, eco, micro, common mistakes by bracket. Personalized analysis on WhatsApp or Discord in 30 seconds.
Civ guide
Berbers
Perfil
Jugador #2828086